 Dungeon Crawl Stone Soup version 0.31-a0-672-g7da72447bb (webtiles) character file.

Game seed: 8444249703887945805

7 sjdaat the Trooper (level 1, 0/18 HPs)
             Began as a Demonspawn Berserker on Sept 4, 2023.
             Was a Follower of Trog.
             Slain by a dart slug (2 damage)
             ... on level 1 of the Dungeon.
             The game lasted 00:01:05 (169 turns).

sjdaat the Trooper (Demonspawn Berserker)            Turns: 169, Time: 00:01:08

Health: 0/18       AC:  2    Str: 17    XL:     1   Next: 91%
Magic:  1/1        EV:  9    Int:  8    God:    Trog [*.....]
Gold:   49         SH:  0    Dex: 12    Spells: 0/0 levels left

rFire   . . .        e - +0 short sword
rCold   . . .        (no shield)
rNeg    . . .        b - +0 animal skin
rPois   .            (no helmet)
rElec   .            (no cloak)
rCorr   .            (no gloves)
SInv    .            (no boots)
Will    .....        (no amulet)
Stlth   +            (no ring)
HPRegen 0.23/turn    (no ring)
MPRegen 0.07/turn

%: no passive effects
@: constricted
A: no striking features
a: Renounce Religion, Berserk


You were on level 1 of the Dungeon.
You worshipped Trog.
Trog was aware of your devotion.
You visited 1 branch of the dungeon, and saw 1 of its levels.

You collected 49 gold pieces.

Inventory:

Hand Weapons
 e - a +0 short sword (weapon)
Armour
 b - a +0 animal skin (worn)
Scrolls
 a - a scroll of identify {unknown}
Potions
 c - a potion of degeneration {unknown}
 d - a potion of heal wounds {unknown}
 f - 2 potions of resistance {unknown}


   Skills:
 + Level 3.2 Fighting
 + Level 2.8 Axes
 + Level 1.8 Armour
 + Level 1.9 Dodging


You couldn't memorise any spells.
You didn't know any spells.
Your spell library was empty.

Dungeon Overview and Level Annotations

Branches:
Dungeon (1/15)

Altars:


Message History

The hobgoblin hits you. The ball python bites you.
The ball python constricts you.
You hit the hobgoblin.
The hobgoblin is severely wounded.
The ball python barely misses you. The ball python constricts you.
The hobgoblin closely misses you.
You closely miss the hobgoblin.
The hobgoblin is severely wounded.
The ball python closely misses you. The ball python constricts you.
The hobgoblin barely misses you.
You barely miss the hobgoblin.
The hobgoblin is severely wounded.
The ball python bites you but does no damage.
The ball python constricts you. The hobgoblin misses you.
You hit the hobgoblin.
You kill the hobgoblin!
Trog accepts your kill.
The ball python bites you but does no damage.
The ball python constricts you.
You hit the dart slug.
The dart slug is heavily wounded.
The ball python bites you. The ball python constricts you.
The ball python barely misses you. The ball python constricts you.
The dart slug barely misses you.
You hit the dart slug but do no damage.
The dart slug is heavily wounded.
The ball python barely misses you. The ball python constricts you.
You hit the dart slug.
The dart slug is severely wounded.
The dart slug bites you.
The ball python bites you but does no damage.
The ball python constricts you.
You hit the dart slug.
The dart slug is almost dead.
The ball python bites you.
* * * LOW HITPOINT WARNING * * *
The ball python constricts you.
* * * LOW HITPOINT WARNING * * *
The dart slug bites you.
You die...

#.# ##.# #. .. )#.## #.###.#
# ....## .....## # ..
.....## ...#.. .# ...
......# ##...####.##....
......# ###.........[....
......#####....S##.)##[.###.
................@w.........$
.....##.........###.....#.##
......#.........######..#
......#...........# ..#
.......>##........# ...
......####........# ##..
#.................# ##.
###..############## ####


You could see a dart slug and a ball python.

Vanquished Creatures
  2 hobgoblins (D:1)
  2 kobolds (D:1)
  A frilled lizard (D:1)
  2 rats (D:1)
7 creatures vanquished.

Notes
Turn   | Place    | Note
-------+----------+-------------------------------------------
     0 | D:1      | sjdaat the Demonspawn Berserker began the quest for the
                  | Orb.
     0 | D:1      | Reached XP level 1. HP: 18/18 MP: 1/1
     1 | D:1      | Noticed an electric eel
   169 | D:1      | Slain by a dart slug

Illustrated notes

Levels and vault maps discovered:
D:1:      arrival_aquarium_a, layout_rooms, serial_shops, shop,
          shapermc_ecumenical_altar_venn, minmay_tromino_mix6

Action                     || total
---------------------------++-------
  Melee: Short sword       ||    15
         Hand axe          ||     9
 Armour: Animal skin       ||    17
  Dodge: Dodged            ||    27

Table legend: (Time is in decaauts)
 A = Elapsed time spent in this place.
 B = Non-inter-level travel time spent in this place.
 C = Inter-level travel time spent in this place.
 D = Time resting spent in this place.
 E = Time spent auto-exploring this place.
 F = Levels seen in this place.
 G = Mean time per level.
                   A        B        C        D        E       F      G
               +--------+--------+--------+--------+--------+-----+--------+
         Total |    170 |    170 |      0 |      0 |     16 |   1 |  170.0 |
       Dungeon |    170 |    170 |      0 |      0 |     16 |   1 |  170.0 |
               +--------+--------+--------+--------+--------+-----+--------+

Top non-repeatable levels by time:
     D:1: 170 daAuts
